 Dungeon Crawl Stone Soup version 0.25-a0-665-ga69d64035b (webtiles) character file.

Game seed: 7523191564759046915, levelgen mode: deterministic

4 Flugkiller the Magician (level 1, 0/13 HPs)
             Began as an Octopode Wizard on Mar 27, 2020.
             Slain by a jackal (2 damage)
             ... on level 1 of the Dungeon.
             The game lasted 00:00:22 (45 turns).

Flugkiller the Magician (Octopode Wizard)             Turns: 45, Time: 00:00:23

Health: 0/13       AC:  1    Str:  6    XL:     1   Next: 70%
Magic:  0/4        EV: 13    Int: 20    God:
Gold:   3          SH:  0    Dex: 10    Spells: 5/6 levels left

rFire    . . .     SeeInvis .   (no weapon)
rCold    . . .     Gourm    .   (no shield)
rNeg     . . .     Faith    .   a - +0 hat
rPois    .         Spirit   .   (no amulet)
rElec    .         Reflect  .   (no ring)
rCorr    .         Harm     .   (no ring)
MR       .....                  (no ring)
Stlth    +++.......             (no ring)
HPRegen  0.04/turn              (no ring)
MPRegen  0.09/turn              (no ring)
                                (no ring)
                                (no ring)

@: no status effects
A: almost no armour, stealthy swim, amphibious, 8 rings, constrict 8, camouflage
1, gelatinous body 1
a: no special abilities


You were on level 1 of the Dungeon.
You were not hungry.

You visited 1 branch of the dungeon, and saw 1 of its levels.

You collected 3 gold pieces.

Inventory:

Armour
 a - a +0 hat (worn)
Comestibles
 c - 2 rations


   Skills:
 - Level 1.0 Fighting
 - Level 2.0 Dodging
 - Level 2.6 Stealth
 - Level 3.0 Spellcasting
 + Level 1.2 Conjurations
   Level 1.0 Summonings
   Level 1.0 Translocations


You had 5 spell levels left.
You knew the following spells:

 Your Spells              Type           Power        Failure   Level  Hunger
a - Magic Dart            Conj           #...         9%          1    None

Your spell library contained the following spells:

 Spells                   Type           Power        Failure   Level  Hunger
 Blink                    Tloc           N/A          14%         2    ##.....
 Call Imp                 Summ           #.......     14%         2    ##.....
 Slow                     Hex            #.......     22%         2    ##.....
 Conjure Flame            Conj/Fire      #.......     32%         3    ###....
 Mephitic Cloud           Conj/Pois/Air  #.......     36%         3    ###....


Dungeon Overview and Level Annotations

Branches:
Dungeon (1/15)

Altars:


Innate Abilities, Weirdness & Mutations

You cannot wear most types of armour.
You are very stealthy in the water. (Stealth+)
You are amphibious.
You can wear up to eight rings at the same time.
You can use your tentacles to constrict eight enemies at once.
Your skin changes colour to match your surroundings (Stealth+).
Your rubbery body absorbs attacks. (AC +1, EV +1)


Message History

Your grab misses the jackal. You squeeze the jackal.
You kill the jackal!
Training target 1.0 for Fighting reached!
Your Fighting skill increases to level 1!
You need to enable at least one skill for training.
Casting: Magic Dart (safe; 10% risk of failure)
Confirm with . or Enter, or press ? or * to list all spells.
Aiming: Magic Dart (safe; 10% risk of failure)
Press: ? - help, Shift-Dir - straight line, f/p - jackal
Aim: a jackal (moderately wounded)
The magic dart hits the jackal.
The jackal is severely wounded.
The jackal misses you.
You completely miss the jackal. Your grab misses the jackal.
The jackal is severely wounded.
The jackal closely misses you. x2
You barely miss the jackal. Your grab misses the jackal.
The jackal is severely wounded.
The jackal bites you.
You are too injured to fight recklessly!
You are too injured to fight recklessly!
You tentacle-slap the jackal but do no damage.
You grab the jackal.
The jackal is severely wounded.
You constrict the jackal, but do no damage.
The jackal bites you.
* * * LOW HITPOINT WARNING * * *
The jackal closely misses you.
You tentacle-slap the jackal but do no damage.
The jackal is severely wounded.
You constrict the jackal, but do no damage.
The jackal closely misses you.
Unknown command.
You tentacle-slap the jackal but do no damage.
The jackal is severely wounded.
You constrict the jackal.
You kill the jackal!
Unknown command.
The jackal misses you.
Casting: Magic Dart (safe; 9% risk of failure)
Confirm with . or Enter, or press ? or * to list all spells.
Aiming: Magic Dart (safe; 9% risk of failure)
Press: ? - help, Shift-Dir - straight line, f - jackal
Aim: a jackal The magic dart hits the jackal.
The jackal is moderately wounded.
The jackal bites you.
* * * LOW HITPOINT WARNING * * *
The jackal bites you.
You die...

#..#####.## #.........##
##.#.P...P.#
#.........####
######....<....... .. #
#..............###
##.##.#.##....P...P.....
......#.##.#.h..........
#.....hh@.#.#.#...#.#..
######.####..#.....h...
#..h...#..........
######............
####.#..... .#.##.. .. #
# #.. .#


You could see 2 jackals.

Vanquished Creatures
  A bat (D:1)
  2 jackals (D:1)
  A rat (D:1)
4 creatures vanquished.

Notes
Turn   | Place    | Note
-------+----------+-------------------------------------------
     0 | D:1      | Flugkiller the Octopode Wizard began the quest for the Orb.
     0 | D:1      | Reached XP level 1. HP: 11/11 MP: 4/4
    35 | D:1      | Reached skill level 1 in Fighting
    45 | D:1      | Slain by a jackal

Levels and vault maps discovered:
D:1:      dpeg_arrival_orchard, layout_loops_cross

Skill      XL: |  1 |
---------------+----+-----
Fighting       | 1 |  1.0
Dodging        | |  2.0
Stealth        | |  2.6
Spellcasting   | |  3.0
Conjurations   | |  1.2
Summonings     | |  1.0
Translocations | |  1.0

Action                   || total
-------------------------++-------
Melee: Unarmed           ||     8
       Constrict         ||     1
       Tentacles         ||     1
 Cast: Magic Dart        ||     7
Armor: Skin              ||     1
Dodge: Dodged            ||     9

Table legend:
 A = Non-vault XP
 B = Vault XP
 C = Vault XP percentage of total XP
 D = Non-vault monster count
 E = Vault monster count
 F = Vault count percentage of total count
                 A         B        C        D         E       F
            +---------+---------+-------+---------+---------+-------
      Total |       7 |       0 |   0.0 |       4 |       0 |   0.0
            +---------+---------+-------+---------+---------+-------
        D:1 |       7 |       0 |   0.0 |       4 |       0 |   0.0
            +---------+---------+-------+---------+---------+-------
